 Dungeon Crawl Stone Soup version 0.29-a0-322-g68df515428 (webtiles) character file.

Game seed: 16548485803378688035

107 Relleke the Grave Robber (level 4, -1/30 HPs)
             Began as a Mummy Necromancer on Apr 7, 2022.
             Slain by a worm (4 damage)
             ... on level 3 of the Dungeon.
             The game lasted 00:25:29 (1943 turns).

Relleke the Grave Robber (Mummy Necromancer)        Turns: 1943, Time: 00:25:30

Health: -1/30      AC:  7    Str: 11    XL:     4   Next: 57%
Magic:  0/10       EV: 12    Int: 16    God:
Gold:   91         SH:  0    Dex: 12    Spells: 6/11 levels left

rFire   x . .      SeeInvis .   e - +2 dagger (protect)
rCold   + . .      Faith    .   (no shield)
rNeg    + + +      Spirit   .   a - +0 robe
rPois   ∞          Reflect  .   (no helmet)
rElec   .          Harm     .   b - +0 cloak
rCorr   .          Rampage  .   (no gloves)
Will    .....                   (no boots)
Stlth   ++........              (no amulet)
HPRegen 0.10/turn               d - +4 ring of protection
MPRegen 0.12/turn               (no ring)

@: no status effects
A: cold resistance 1, negative energy resistance 3, torment resistance 2, heat
vulnerability 1, in touch with death 1, no potions
a: no special abilities


You were on level 3 of the Dungeon.
You visited 1 branch of the dungeon, and saw 3 of its levels.

You collected 91 gold pieces.

Inventory:

Hand Weapons
 e - a +2 dagger of protection (weapon)
Armour
 a - a +0 robe (worn)
 b - a +0 cloak (worn)
Jewellery
 d - a +4 ring of protection (left hand)
Scrolls
 g - 2 scrolls of identify {unknown}
 h - a scroll of fog {unknown}
 i - a scroll of blinking {unknown}
 l - a scroll of amnesia {unknown}
 n - a scroll of silence {unknown}
 o - a scroll of teleportation {unknown}
 q - a scroll of immolation {unknown}
 r - a scroll of vulnerability {unknown}
Potions
 c - a potion of heal wounds {unknown}
 f - 2 potions of mutation {unknown}
 j - a potion of brilliance {unknown}
 k - 2 potions of curing {unknown}
 m - 2 potions of flight {unknown}
 p - a potion of haste {unknown}


   Skills:
 + Level 0.2 Fighting
 + Level 1.8 Dodging
 + Level 2.0 Stealth
 + Level 4.2 Spellcasting
 + Level 5.0 Necromancy


You had 6 spell levels left.
You knew the following spells:

 Your Spells              Type           Power      Damage    Failure   Level
a - Pain                  Necr           100%       1d9       2%          1
b - Animate Dead          Necr           14%        N/A       22%         4

Your spell library contained the following spells:

 Spells                   Type           Power      Damage    Failure   Level
 Animate Skeleton         Necr           58%        N/A       2%          1
 Vampiric Draining        Necr           29%        2d8       6%          3
 Agony                    Necr           29%        N/A       52%         5
 Excruciating Wounds      Necr           14%        N/A       52%         5


Dungeon Overview and Level Annotations

Branches:
Dungeon (3/15)

Altars:


Innate Abilities, Weirdness & Mutations

You are immune to poison.
Your flesh is cold resistant. (rC+)
You are immune to negative energy. (rN+++)
You are immune to unholy pain and torment.
You are vulnerable to heat. (rF-)
You are in touch with the powers of death.
You do not drink.


Message History

Your bat zombie hits the worm.
The hound attacks as you move away! The hound barely misses you.
The iguana attacks as you move away! The iguana barely misses you.
Your bat zombie hits the worm but does no damage. x2
The hound closely misses your bat zombie.
Your bat zombie hits the worm but does no damage.
The worm bites you! The hound bites your bat zombie.
The iguana attacks as you move away! The iguana barely misses you.
Found an inky potion and a trident.
Your bat zombie hits the worm but does no damage. x2
The hound bites your bat zombie.
Your bat zombie is destroyed!
Casting: Pain (safe; 2% risk of failure)
Confirm with . or Enter, or press ? or * to list all spells.
You don't have enough magic to cast this spell.
The iguana attacks as you move away!
The iguana bites you but does no damage.
The hound attacks as you move away! The hound bites you but does no damage.
The hound closely misses you.
You miss the hound. The hound misses you. The iguana bites you.
You miss the hound. The hound barely misses you. The iguana bites you.
The hound closely misses you.
Casting: Pain (safe; 2% risk of failure)
Confirm with . or Enter, or press ? or * to list all spells.
Aiming: Pain (safe; 2% risk of failure)
Press: ? - help, Shift-Dir - straight line, f - worm
Aim: a worm (chance to affect: 88%)
You feel a surge of power!
The worm writhes in agony!
The hound closely misses you. The iguana closely misses you.
You barely miss the iguana. The hound bites you but does no damage.
The worm bites you. The hobgoblin hits you.
* * * LOW HITPOINT WARNING * * *
The iguana bites you.
* * * LOW HITPOINT WARNING * * *
The hound closely misses you. The iguana attacks as you move away!
The iguana bites you but does no damage.
The hound attacks as you move away! The hound barely misses you.
The hound closely misses you. The worm bites you.
You die...

#..........
..........
.......)..
####........#
!.........!##
#..........#
#.!........##
...###..@........#
......(.hw.......#
###....gl........#
#...#......<..##
#....##..(...)##
..... #####.†.#
...## #†#.# .#.
#.#.# # (.#.#


You could see a worm, an iguana, a hound and a hobgoblin.

Vanquished Creatures
  4 adders
  A gnoll (D:2)
  A worm (D:2)
  3 dart slugs
  3 endoplasms (D:1)
  A giant cockroach (D:2)
  6 hobgoblins
  5 jackals (D:2)
  5 kobolds
  4 ball pythons
  8 bats
  3 frilled lizards
  4 goblins
  3 rats (D:1)
51 creatures vanquished.

Vanquished Creatures (collateral kills)
  A rat (D:3)
1 creature vanquished.

Grand Total: 52 creatures vanquished

Notes
Turn   | Place    | Note
-------+----------+-------------------------------------------
     0 | D:1      | Relleke the Mummy Necromancer began the quest for the Orb.
     0 | D:1      | Reached XP level 1. HP: 13/13 MP: 4/4
   353 | D:1      | Reached XP level 2. HP: 17/19 MP: 0/5
   894 | D:1      | Found a faded altar of an unknown god.
  1177 | D:2      | Gained mutation: You are in touch with the powers of death.
                  | [Mummy growth]
  1177 | D:2      | Reached XP level 3. HP: 22/24 MP: 1/8
  1441 | D:2      | Reached XP level 4. HP: 30/30 MP: 5/10
  1450 | D:2      | Learned a level 4 spell: Animate Dead
  1932 | D:3      | Reached skill level 5 in Necromancy
  1943 | D:3      | Slain by a worm

Illustrated notes

Levels and vault maps discovered:
D:1:      dpeg_arrival_tiny_k, layout_loops_ring,
          shapermc_ecumenical_altar_mp_vishouse
D:2:      layout_loops_ring, moated_statue, cheibrodos_gnoll_hut
D:3:      layout_rooms, serial_shops, nicolae_shop_behind_doors

Skill      XL: |  1  2  3  4 |
---------------+-------------+-----
Spellcasting   | 3 4 |  4.2
Stealth        | 2 |  2.0
Necromancy     | 5 |  5.0
Fighting       | |  0.2
Dodging        | |  1.8

Action                   |  1- 3 |  4- 6 || total
-------------------------+-------+-------++-------
Melee: Dagger            |    11 |     7 ||    18
 Cast: Pain              |    73 |    18 ||    91
       Animate Dead      |       |     3 ||     3
Armor: Robe              |    20 |    11 ||    31
Dodge: Dodged            |    30 |    18 ||    48

Table legend: (Time is in decaauts)
 A = Elapsed time spent in this place.
 B = Non-inter-level travel time spent in this place.
 C = Inter-level travel time spent in this place.
 D = Time resting spent in this place.
 E = Time spent auto-exploring this place.
 F = Levels seen in this place.
 G = Mean time per level.
                   A        B        C        D        E       F      G
               +--------+--------+--------+--------+--------+-----+--------+
         Total |   1941 |   1893 |     48 |      0 |      0 |   3 |  647.0 |
       Dungeon |   1941 |   1893 |     48 |      0 |      0 |   3 |  647.0 |
               +--------+--------+--------+--------+--------+-----+--------+

Top non-repeatable levels by time:
     D:1: 1091 daAuts
     D:2: 826 daAuts
     D:3: 23 daAuts
